 Dungeon Crawl Stone Soup version 0.25.0-15-gac7dcb8919 (webtiles) character file.

Game seed: 7614671761231606157

9506 sking99 the Destroyer (level 11, -1/92 HPs)
             Began as a Red Draconian Air Elementalist on June 28, 2020.
             Was a Priest of Vehumet.
             Killed from afar by a polar bear (16 damage)
             ... with an exploding inner flame
             ... hexed by the player character
             ... in an ice cave.
             The game lasted 00:41:48 (13189 turns).

sking99 the Destroyer (DrAE)                       Turns: 13189, Time: 00:41:49

Health: -1/92      AC: 12    Str: 11    XL:     11   Next: 23%
Magic:  14/20      EV: 16    Int: 18    God:    Vehumet [***...]
Gold:   342        SH:  0    Dex: 12    Spells: 4/22 levels left

rFire    + . .     SeeInvis .   K - +2 whip (flame)
rCold    + . .     Gourm    .   (no shield)
rNeg     . . .     Faith    .   (armour unavailable)
rPois    +         Spirit   .   (helmet restricted)
rElec    .         Reflect  .   t - +0 cloak
rCorr    .         Harm     .   j - +2 pair of gloves
MR       .....                  M - +0 pair of boots
Stlth    ++........             v - amulet of magic regeneration
HPRegen  0.25/turn              J - ring of poison resistance
MPRegen  0.42/turn              r - ring of protection from cold

@: no status effects
A: breathe fire, unfitting armour, fire resistance 1, cold-blooded, AC +7
a: Breathe Fire, Renounce Religion


You were in an ice cave.
You worshipped Vehumet.
Vehumet was most pleased with you.
You were not hungry.

You visited 3 branches of the dungeon, and saw 11 of its levels.
You also visited: Ice Cave.

You collected 582 gold pieces.
You spent 240 gold pieces at shops.

Inventory:

Hand Weapons
 K - a +2 whip of flaming (weapon)
Armour
 j - a +2 pair of gloves (worn)
 t - a +0 cloak (worn)
 M - a +0 pair of boots (worn)
Magical Staves
 R - an uncursed staff of poison
Jewellery
 o - a +6 ring of strength
 r - a ring of protection from cold (right hand)
 v - an amulet of magic regeneration (around neck)
 z - a +6 ring of strength
 A - an uncursed ring of stealth
 E - an uncursed ring of flight
 F - an uncursed ring of fire
 J - a ring of poison resistance (left hand)
 O - an uncursed ring of stealth
Wands
 e - a wand of acid (6)
 q - a wand of disintegration (25)
 D - a wand of random effects (19)
 G - a wand of polymorph (30)
 I - a wand of flame (34)
 Q - a wand of clouds (5)
Scrolls
 f - a scroll of fear
 g - a scroll of enchant armour {unknown}
 k - 3 scrolls of remove curse
 m - 3 scrolls of teleportation
 s - a scroll of enchant weapon
 u - a scroll of random uselessness {unknown}
 y - 3 scrolls of magic mapping
 C - a scroll of immolation
 N - a scroll of holy word {unknown}
 P - a scroll of identify
Potions
 a - 3 potions of brilliance
 c - a potion of curing
 d - 4 potions of mutation
 h - a potion of haste
 i - a potion of lignification {unknown}
 l - a potion of ambrosia {unknown}
 n - a potion of stabbing
 p - 2 potions of invisibility
 w - a potion of resistance {unknown}
 x - a potion of flight {unknown}
 B - a potion of cancellation {unknown}
 H - a potion of heal wounds {unknown}
Comestibles
 b - 14 rations
 L - 2 chunks of flesh


   Skills:
 - Level 7.2 Fighting
 + Level 7.5 Dodging
 - Level 1.8 Stealth
 - Level 6.0 Spellcasting
 + Level 9.5 Conjurations
 - Level 4.0 Fire Magic
 - Level 8.6 Air Magic


You had 4 spell levels left.
You knew the following spells:

 Your Spells              Type           Power        Failure   Level  Hunger
a - Shock                 Conj/Air       ####         1%          1    None
b - Airstrike             Air            #####.....   1%          4    ####...
c - Static Discharge      Conj/Air       #####...     1%          3    ##.....
d - Lightning Bolt        Conj/Air       #####.....   2%          5    #####..
e - Inner Flame           Hex/Fire       ##......     4%          3    ##.....
f - Swiftness             Chrm/Air       ###.....     3%          2    None

Your spell library contained the following spells:

 Spells                   Type           Power        Failure   Level  Hunger
 Ignite Poison            Fire/Tmut/Pois ##......     6%          3    ##.....


Dungeon Overview and Level Annotations

Branches:
Dungeon (9/15)             Temple (1/1) D:4            Lair (1/6) D:8
    Orc (0/2) D:9           IceCv (1/1)

Altars:
Ashenzari
Cheibriados
Dithmenos
Elyvilon
Fedhas
Gozag
Hepliaklqana
Kikubaaqudgha
Makhleb
Nemelex Xobeh
Okawaru
Qazlal
Ru
Sif Muna
Trog
Uskayaw
Vehumet
Wu Jian
Xom
Yredelemnul
Zin
The Shining One

Shops:
D:4 (}(

Annotations:
D:9 Erolcha


Innate Abilities, Weirdness & Mutations

You can breathe blasts of fire.
Your fiery red scales are hard. (AC +7)
You cannot fit into any form of body armour.
Your flesh is heat resistant. (rF+)
You are cold-blooded and may be slowed by cold attacks.


Message History

Casting: Shock (safe; 1% risk of failure)
Confirm with . or Enter, or press ? or * to list all spells.
Aiming: Shock (safe; 1% risk of failure)
Press: ? - help, Shift-Dir - straight line, f/p - polar bear
Aim: a polar bear (almost dead, berserk, inner flame)
The zap hits the polar bear but does no damage.
The polar bear is almost dead.
The polar bear closely misses you. The polar bear completely misses you.
The polar bear misses you.
Casting: Shock (safe; 1% risk of failure)
Confirm with . or Enter, or press ? or * to list all spells.
Aiming: Shock (safe; 1% risk of failure)
Press: ? - help, Shift-Dir - straight line, f/p - polar bear
Aim: a polar bear (almost dead, berserk, inner flame)
The zap hits the polar bear.
Flame seeps out of the polar bear.
The polar bear is almost dead.
The polar bear is engulfed in blazing flames.
The polar bear explodes!
The fiery explosion engulfs you! You resist.
You die...

######## ##....#.##
##...#....# #
#..####..## ..# ####
#..###..##. #h..# ##.÷##
##...##..### #...#..#○##
##...##...### #....#§@##
#...####...##
####.#...#####.#.####...
##.##...##.#.## ##..
#######....## ##. ######
##


There were no monsters in sight!

Vanquished Creatures
  Harold (D:8)
  Pikel (D:7)
  An ice statue (IceCv)
  Maggie (D:7)
  A spiny frog (Lair:1)
  3 polar bears (IceCv)
  Grinder (D:6)
  A hornet (D:8)
  8 yaks (IceCv)
  Sigmund (D:3)
  Eustachio (D:6)
  A hungry ghost (D:8)
  Menkaure (D:7)
  Edmund (D:5)
  3 porcupines
  An ice beast (D:7)
  3 black bears (D:8)
  2 orc warriors (D:9)
  2 slaves
  4 ogres
  2 phantoms (D:6)
  10 wolves (IceCv)
  6 centaurs
  A crocodile (D:8)
  3 big kobolds (D:8)
  7 bullfrogs
  3 scorpions
  5 killer bees (D:8)
  A howler monkey (D:5)
  8 wights (D:8)
  3 electric eels (D:6)
  A bullfrog zombie (D:6)
  4 crimson imps
  2 orc wizards
  A bullfrog skeleton (D:9)
  3 hounds
  3 iguanas
  Crazy Yiuf (D:2)
  6 worker ants
  Terence (D:3)
  A gnoll (D:1)
  18 adders
  4 shadow imps
  3 oozes
  2 adder skeletons (D:5)
  5 worms
  3 dart slugs
  8 leopard geckos
  21 orcs
  6 giant cockroaches
  9 goblins
  7 hobgoblins
  3 jackals (D:3)
  2 quokkas
  2 ball pythons
  5 bats
  5 frilled lizards
  A jackal skeleton (D:4)
  20 kobolds
  2 quokka skeletons
  6 rats
  3 fungi (D:8)
245 creatures vanquished.

Vanquished Creatures (others)
  A wolf (IceCv)
  A jelly (D:7)
  An orc priest (D:7)
  An orc wizard (D:7)
  An iguana (D:7)
  An orc (D:7)
  A leopard gecko skeleton (D:7)
  44 fungi (D:8)
  10 plants (D:8)
61 creatures vanquished.

Grand Total: 306 creatures vanquished

Notes
Turn   | Place    | Note
-------+----------+-------------------------------------------
     0 | D:1      | sking99 the Draconian Air Elementalist began the quest for
                  | the Orb.
     0 | D:1      | Reached XP level 1. HP: 14/14 MP: 3/3
   191 | D:1      | Reached XP level 2. HP: 18/22 MP: 0/5
   246 | D:1      | Learned a level 2 spell: Swiftness
   612 | D:1      | Reached XP level 3. HP: 27/27 MP: 3/6
   703 | D:1      | Reached skill level 1 in Fighting
   733 | D:1      | Learned a level 3 spell: Static Discharge
  1413 | D:2      | Found a runed translucent door.
  1414 | D:2      | Noticed Crazy Yiuf
  1806 | D:2      | Reached XP level 4. HP: 35/35 MP: 0/7
  2527 | D:2      | Killed Crazy Yiuf
  2527 | D:2      | Reached skill level 2 in Conjurations
  2738 | D:3      | Found a white marble altar of Elyvilon.
  2755 | D:3      | Found a shattered altar of Ashenzari.
  2846 | D:3      | Reached XP level 5. HP: 37/41 MP: 2/9
  3095 | D:3      | Noticed Sigmund
  3110 | D:3      | Killed Sigmund
  3110 | D:3      | Reached skill level 5 in Air Magic
  3110 | D:3      | Reached XP level 6. HP: 26/50 MP: 1/10
  3375 | D:3      | Noticed Terence
  3397 | D:3      | Killed Terence
  3887 | D:3      | Reached skill level 3 in Conjurations
  4074 | D:4      | Found a hide-covered altar of Uskayaw.
  4262 | D:4      | Learned a level 4 spell: Airstrike
  4459 | D:4      | Found Jaligg's Gadget Shop.
  4467 | D:4      | Bought a wand of acid (6) for 240 gold pieces
  4521 | D:4      | Your scales start taking on a fiery red colour.
  4521 | D:4      | Reached XP level 7. HP: 53/57 MP: 6/12
  4521 | D:4      | Gained mutation: Your flesh is heat resistant. (rF+) [Red
                  | Draconian growth]
  4869 | D:4      | Found a staircase to the Ecumenical Temple.
  4879 | Temple   | Entered the Ecumenical Temple
  5073 | Temple   | Became a worshipper of Vehumet
  5108 | D:4      | Found Vaisicu's Weapon Shop.
  5341 | D:4      | Found Asunyaxy's Antique Weapon Shoppe.
  5481 | D:5      | Entered Level 5 of the Dungeon
  5485 | D:5      | Noticed Edmund
  5527 | D:3      | HP: 1/57 [something (6)]
  6219 | D:5      | Reached skill level 4 in Conjurations
  6255 | D:5      | Found a shadowy altar of Dithmenos.
  6519 | D:5      | Killed Edmund
  6773 | D:6      | Reached XP level 8. HP: 67/67 MP: 9/14
  6883 | D:6      | Reached * piety under Vehumet
  6883 | D:6      | Offered knowledge of Sandblast by Vehumet.
  6933 | D:6      | Found an iron altar of Okawaru.
  7054 | D:6      | Reached skill level 5 in Fighting
  7220 | D:6      | Noticed Eustachio
  7228 | D:6      | Killed Eustachio
  7228 | D:6      | Reached skill level 5 in Spellcasting
  7228 | D:6      | Reached skill level 5 in Conjurations
  7652 | D:6      | Found a transporter.
  7652 | D:6      | Found a transporter.
  7745 | D:6      | Noticed Grinder
  7748 | D:6      | Paralysed by Grinder for 5 turns
  7753 | D:6      | Killed Grinder
  7899 | D:6      | Reached XP level 9. HP: 75/75 MP: 3/16
  8774 | D:7      | Noticed Pikel
  8828 | D:7      | Killed Pikel
  8828 | D:7      | Reached skill level 6 in Conjurations
  9107 | D:7      | Noticed Maggie
  9150 | D:7      | Killed Maggie
  9208 | D:7      | Learned a level 5 spell: Lightning Bolt
  9329 | D:7      | Found a stormy altar of Qazlal.
  9329 | D:7      | Noticed Menkaure
  9338 | D:7      | Killed Menkaure
  9397 | D:7      | Found a blossoming altar of Fedhas.
  9748 | D:8      | Reached ** piety under Vehumet
  9783 | D:8      | Offered knowledge of Searing Ray by Vehumet.
  9836 | D:8      | Reached skill level 7 in Conjurations
  9836 | D:8      | Reached XP level 10. HP: 47/86 MP: 4/18
 10144 | D:8      | Reached skill level 5 in Dodging
 10159 | D:8      | Offered knowledge of Inner Flame by Vehumet.
 10165 | D:8      | Learned a level 3 spell: Inner Flame
 10210 | D:8      | Reached skill level 1 in Fire Magic
 10362 | D:8      | Found a staircase to the Lair.
 10590 | D:8      | Reached *** piety under Vehumet
 10635 | D:8      | Found a shadowy altar of Dithmenos.
 10636 | D:8      | Noticed Harold
 10655 | D:8      | Killed Harold
 10655 | D:8      | Reached skill level 8 in Conjurations
 11124 | D:8      | Found an opulent altar of Gozag.
 11257 | D:8      | Found a burning altar of Makhleb.
 11257 | D:8      | Found a basalt altar of Yredelemnul.
 11667 | D:9      | Found a staircase to the Orcish Mines.
 11719 | D:9      | Noticed Erolcha
 11843 | Lair:1   | Entered Level 1 of the Lair of Beasts
 11885 | Lair:1   | Found a frozen archway.
 11888 | Lair:1   | Noticed a spiny frog
 11895 | Lair:1   | Killed a spiny frog
 11946 | IceCv    | Entered an ice cave
 12213 | IceCv    | Reached XP level 11. HP: 67/92 MP: 13/20
 12527 | IceCv    | Reached skill level 9 in Conjurations
 12571 | IceCv    | Offered knowledge of Ignite Poison by Vehumet.
 13189 | IceCv    | Killed from afar by a polar bear

Illustrated notes

Levels and vault maps discovered:
D:1:      nicolae_arrival_memento_mori, layout_rooms
D:2:      layout_loops_ring, uniq_crazy_yiuf_cottage
D:3:      layout_loops_ring, nicolae_ashenzari_panopticon,
          overflow_temple_1_default, first_ration, uniq_sigmund, uniq_terence
D:4:      layout_basic, lemuel_round_altar, minmay_temple_entry_hall,
          serial_shops, shop, shop, shop_statue
D:5:      layout_layer_cave, nicolae_overflow_hidden_temple, uniq_edmund
D:6:      gammafunk_steamed_eel, layout_basic, okawaru_trees_2,
          grunt_decor_arrowhead, minmay_misc_feat_five,
          kennysheep_pointless_box, interstate_on_off, uniq_eustachio,
          uniq_grinder
D:7:      layout_rooms, grunt_temple_overflow_forces_of_nature,
          grunt_ministairs_2, uniq_menkaure, uniq_pikel, uniq_maggie
D:8:      layout_loops_ring, gammafunk_temple_overflow_statue,
          nicolae_gozag_cash_rules_everything_around_me,
          due_lair_maze_entry_diamond, blue_anna_alchemist
          [blue_anna_fruit_fields, blue_anna_fruit_fields],
          grunt_dithmenos_smoke_and_mirrors, uniq_harold
D:9:      layout_irregular_city, minmay_orc_entry_temple_small,
          gammafunk_ghost_cemetery, uniq_erolcha
Temple:   minmay_temple_bridge_abc
Lair:1:   layout_roguey, gammafunk_ghost_wrathful_warriors,
          portal_ice_cave_entry_pillars_1
IceCv:    ice_cave_caverns_02

Skill      XL: |  1  2  3  4  5  6  7  8  9 10 11 |
---------------+----------------------------------+-----
Fighting       | 1 2 3 4 5 7 |  7.2
Conjurations   | 2 3 4 5 7 8 9 |  9.5
Air Magic      | 4 5 6 7 8 |  8.6
Spellcasting   | 3 4 5 6 |  6.0
Dodging        | 2 4 6 7 |  7.5
Fire Magic     | 4 |  4.0
Stealth        | |  1.8

Action                   |  1- 3 |  4- 6 |  7- 9 | 10-12 || total
-------------------------+-------+-------+-------+-------++-------
Melee: Tailslap          |     1 |     2 |     2 |     2 ||     7
       Unarmed           |     1 |       |       |       ||     1
       Dagger            |       |     5 |    18 |       ||    23
       Whip              |       |       |     2 |     9 ||    11
 Cast: Shock             |    72 |   154 |   211 |   224 ||   661
       Swiftness         |     1 |     1 |       |       ||     2
       Static Discharge  |       |       |    29 |    19 ||    48
       Airstrike         |       |       |    34 |       ||    34
       Lightning Bolt    |       |       |     3 |    16 ||    19
       Inner Flame       |       |       |       |     5 ||     5
 Abil: Breathe Fire      |       |       |       |     1 ||     1
  Use: Scroll            |       |     7 |     8 |     2 ||    17
       Potion            |       |       |     1 |       ||     1
 Stab: Sleeping          |       |     1 |     1 |       ||     2
  Eat: Chunk             |     4 |     8 |    11 |    17 ||    40
       Ration            |       |       |     4 |     1 ||     5
Armor: Skin              |    10 |    32 |    76 |    61 ||   179
Dodge: Dodged            |    26 |    38 |   115 |   122 ||   301
